 Dungeon Crawl Stone Soup version 0.30.1-4-g462c640d31 (webtiles) character file.

Game seed: 3776165587107330062

308 HagarQim the Sneak (level 6, 0/35 HPs)
             Began as a Kobold Enchanter on Sept 5, 2023.
             Was an Initiate of Dithmenos.
             Killed by divine providence
             ... invoked by an orc priest
              (11 damage)
             ... on level 4 of the Dungeon.
             The game lasted 00:18:04 (3815 turns).

HagarQim the Sneak (Kobold Enchanter)               Turns: 3815, Time: 00:18:05

Health: 0/35       AC:  4    Str:  6    XL:     6   Next: 68%
Magic:  9/9        EV: 21    Int: 16    God:    Dithmenos [......]
Gold:   214        SH:  0    Dex: 17    Spells: 7/10 levels left

rFire   . . .        t - +1 dagger (vamp)
rCold   . . .        (no shield)
rNeg    . . .        b - +0 robe
rPois   .            d - +2 hat
rElec   .            (no cloak)
rCorr   .            (no gloves)
SInv    .            (no boots)
Will    .....        (no amulet)
Stlth   +++++        k - +5 ring of evasion
HPRegen 0.25/turn    (no ring)
MPRegen 0.11/turn

%: no passive effects
@: no status effects
A: small, no large weapons, nightstalker 3
a: Renounce Religion


You were on level 4 of the Dungeon.
You worshipped Dithmenos.
Dithmenos was noncommittal.
You visited 2 branches of the dungeon, and saw 5 of its levels.

You collected 214 gold pieces.

Inventory:

Hand Weapons
 a - a +1 dagger of draining
 t - a +1 vampiric dagger (weapon)
Armour
 b - a +0 robe (worn)
 d - a +2 hat (worn)
Magical Staves
 s - a staff of earth
Jewellery
 k - a +5 ring of evasion (left hand)
Scrolls
 g - 3 scrolls of teleportation
Potions
 c - a potion of invisibility
 e - a potion of resistance {unknown}
 i - a potion of lignification {unknown}
 l - 2 potions of might
 o - a potion of cancellation {unknown}
 p - a potion of attraction {unknown}
 r - 2 potions of brilliance {unknown}
 u - a potion of degeneration {unknown}


   Skills:
 + Level 1.7 Fighting
 + Level 3.5 Short Blades
 + Level 4.1 Dodging
 + Level 6.7 Stealth
 + Level 2.6 Spellcasting
 + Level 3.5 Hexes


You had 7 spell levels left.
You knew the following spells:

 Your Spells              Type           Power      Damage    Failure   Level
a - Tukima's Dance        Hex            13%        N/A       14%         3

Your spell library contained the following spells:

 Spells                   Type           Power      Damage    Failure   Level
 Ensorcelled Hibernation  Hex/Ice        14%        N/A       14%         2
 Confusing Touch          Hex            13%        N/A       14%         3
 Apportation              Tloc           4%         N/A       21%         1
 Kiss of Death            Conj/Necr      8%         2d6       21%         1
 Necrotise                Necr           8%         1d4       21%         1
 Summon Small Mammal      Summ           8%         N/A       21%         1
 Dazzling Flash           Conj/Hex       14%        N/A       28%         3
 Sublimation of Blood     Necr           2%         N/A       30%         2
 Wereblood                Tmut           2%         N/A       30%         2
 Ignite Poison            Fire/Tmut/Pois 2%         N/A       52%         3
 Spider Form              Tmut/Pois      2%         N/A       52%         3
 Vhi's Electric Charge    Tloc/Air       4%         N/A       52%         3
 Petrify                  Tmut/Erth      2%         N/A       89%         4
 Arcjolt                  Conj/Air       1%         1d11      99%         5
 Plasma Beam              Fire/Air       1%         2x1d12    100%        6
 Summon Hydra             Summ           1%         N/A       100%        7


Dungeon Overview and Level Annotations

Branches:
Dungeon (4/15)             Temple (1/1) D:4

Altars:
Ashenzari
Cheibriados
Dithmenos
Elyvilon
Gozag
Hepliaklqana
Kikubaaqudgha
Nemelex Xobeh
Okawaru
Qazlal
Ru
Trog
Vehumet
Wu Jian
Yredelemnul
The Shining One


Innate Abilities, Weirdness & Mutations

You are small and have problems with some larger weapons.
You are completely attuned to the shadows.


Message History

The orc is severely wounded.
The orc closely misses you.
You hit the orc.
The orc is almost dead.
The orc completely misses you.
You hit the orc.
You kill the orc!
Dithmenos accepts your kill.
You barely miss the orc. The orc closely misses you.
The orc priest casts a cantrip, but nothing happens.
You hit the orc but do no damage. The orc misses you.
You hit the orc.
You feel better.
The orc is heavily wounded.
You barely miss the orc.
The orc is heavily wounded.
The orc barely misses you.
You hit the orc but do no damage.
The orc is heavily wounded.
The orc completely misses you.
You hit the orc but do no damage.
The orc is heavily wounded.
The orc closely misses you.
You barely miss the orc.
The orc is heavily wounded.
The orc barely misses you.
You hit the orc.
You kill the orc!
Dithmenos accepts your kill. The orc priest closely misses you.
Items here: ))) [[ †.
You barely miss the orc priest. The orc priest hits you with a +0 club.
* * * LOW HITPOINT WARNING * * *
You hit the orc priest.
You feel better.
The orc priest is lightly wounded.
The orc priest misses you.
You completely miss the orc priest.
The orc priest is lightly wounded.
The orc priest calls down the wrath of Beogh upon you.
Beogh smites you!
You die...

#######...##.####
######.# #.# #.#
#.# #.# #.# ##
#.# ...#@# #.o#
#..# #... .....
.....## .#


You could see an orc priest.

Vanquished Creatures
  A black bear (D:4)
  A howler monkey (D:4)
  An iguana (D:4)
  5 adders
  An ufetubus (D:4)
  A worm (D:3)
  5 dart slugs
  10 orcs
  5 endoplasms
  A giant cockroach (D:4)
  3 goblins
  11 hobgoblins
  4 quokkas
  9 ball pythons
  3 bats
  4 frilled lizards
  5 kobolds
  4 rats (D:2)
74 creatures vanquished.

Vanquished Creatures (collateral kills)
  An orc (D:3)
  A goblin (D:4)
2 creatures vanquished.

Grand Total: 76 creatures vanquished

Notes
Turn   | Place    | Note
-------+----------+-------------------------------------------
     0 | D:1      | HagarQim the Kobold Enchanter began the quest for the Orb.
     0 | D:1      | Reached XP level 1. HP: 10/10 MP: 3/3
   228 | D:1      | Reached XP level 2. HP: 15/15 MP: 5/5
   843 | D:2      | Reached XP level 3. HP: 19/19 MP: 6/6
  1032 | D:2      | Got Cigotuvi's Catalogue of Despair and Vicissitude
  1064 | D:2      | Reached skill level 5 in Stealth
  1162 | D:2      | Reached XP level 4. HP: 24/24 MP: 7/7
  1638 | D:3      | Reached skill level 1 in Fighting
  1851 | D:3      | Learned a level 3 spell: Tukima's Dance
  2293 | D:3      | Found a glowing golden altar of the Shining One.
  2431 | D:3      | Found a sparkling altar of Nemelex Xobeh.
  2691 | D:4      | Reached XP level 5. HP: 29/29 MP: 8/8
  2756 | D:4      | Reached skill level 6 in Stealth
  3113 | D:4      | Found an ancient bone altar of Kikubaaqudgha.
  3364 | D:4      | Reached XP level 6. HP: 34/34 MP: 9/9
  3448 | D:4      | Found a staircase to the Ecumenical Temple.
  3456 | Temple   | Entered the Ecumenical Temple
  3459 | Temple   | Found a transporter.
  3459 | Temple   | Found a transporter.
  3461 | Temple   | Found a transporter.
  3461 | Temple   | Found a transporter.
  3559 | Temple   | Became a worshipper of Dithmenos the Shadowed
  3607 | D:4      | Noticed a black bear
  3647 | D:4      | Killed a black bear
  3815 | D:4      | Killed from afar by an orc priest

Illustrated notes

Levels and vault maps discovered:
D:1:      dpeg_arrival_oval, layout_basic, st_stairs_8,
          chequers_serial_rivers_room_a
D:2:      layout_basic
D:3:      layout_loops_cross, mainiacjoe_overflow_alcove_1,
          mainiacjoe_overflow_concentric_impassable, roderic_st_hans_cross,
          serial_park_tiny_1
D:4:      layout_loops_corners, amcnicky_altar_gilded,
          minmay_temple_entry_mini_moons
Temple:   hellmonk_temple_divided_pantheon

Skill      XL: |  1  2  3  4  5  6 |
---------------+-------------------+-----
Stealth        | 5 6 |  6.7
Dodging        | 3 4 |  4.1
Short Blades   | 2 3 |  3.5
Fighting       | 1 |  1.7
Spellcasting   | |  2.6
Hexes          | |  3.5

Action                     |  1- 3 |  4- 6 || total
---------------------------+-------+-------++-------
  Melee: Dagger            |    70 |   273 ||   343
         Punch             |     1 |     3 ||     4
   Cast: Tukima's Dance    |       |     4 ||     4
    Use: Scroll            |       |     9 ||     9
         Potion            |       |     3 ||     3
   Stab: Sleeping          |    17 |    17 ||    34
         Invisible         |       |     3 ||     3
         Distracted        |       |     1 ||     1
 Armour: Robe              |     7 |    26 ||    33
  Dodge: Dodged            |    44 |   288 ||   332
